 Dungeon Crawl Stone Soup version 0.28.0-62-gf88900778d (webtiles) character file.

Game seed: 14480223369345266769

1888 Coron the Protected (level 8, 0/75 HPs)
             Began as a Deep Dwarf Delver on Apr 3, 2023.
             Slain by an orc warrior
             ... wielding a +0 morningstar
              (8 damage)
             ... on level 6 of the Dungeon on Apr 4, 2023.
             The game lasted 00:18:42 (4696 turns).

Coron the Protected (Deep Dwarf Delver)             Turns: 4696, Time: 00:18:43

Health: 0/75       AC: 15    Str: 18    XL:     8   Next: 92%
Magic:  2/2        EV:  8    Int: 11    God:
Gold:   411        SH:  0    Dex: 14    Spells: 7/7 levels left

rFire   + . .      SeeInvis .   k - +0 war axe
rCold   . . .      Faith    .   (no shield)
rNeg    . . .      Spirit   .   j - +0 chain mail
rPois   .          Reflect  .   y - +0 helmet
rElec   .          Harm     .   (no cloak)
rCorr   .          Rampage  .   (no gloves)
Will    +....                   h - +2 pair of boots
Stlth   ..........              (no amulet)
HPRegen 0.00/turn               E - ring of protection from fire
MPRegen 0.08/turn               (no ring)

@: no status effects
A: damage resistance, heal wounds, sense surroundings 1, no regeneration
a: Heal Wounds


You were on level 6 of the Dungeon.
You visited 1 branch of the dungeon, and saw 6 of its levels.

You collected 411 gold pieces.

Inventory:

Hand Weapons
 a - a +0 hand axe
 k - a +0 war axe (weapon)
 w - a +0 hunting sling
Missiles
 b - 66 sling bullets
 f - a throwing net
 i - 256 stones
 s - 3 javelins
 u - a poisoned dart (quivered)
Armour
 h - a +2 pair of boots (worn)
 j - a +0 chain mail (worn)
 y - a +0 helmet (worn)
 z - a +0 plate armour
Jewellery
 C - an amulet of the acrobat
 E - a ring of protection from fire (left hand)
Wands
 g - a wand of digging (3)
 B - a wand of iceblast (11)
Scrolls
 c - a scroll of fog
 d - 2 scrolls of magic mapping
 e - a scroll of fear
 n - a scroll of brand weapon {unknown}
 o - a scroll of amnesia {unknown}
 q - 2 scrolls of teleportation
 r - a scroll of holy word
 t - a scroll of blinking {unknown}
 A - a scroll of enchant armour {unknown}
 D - a scroll of noise {unknown}
Potions
 l - 2 potions of flight
 m - 5 potions of curing
 p - 2 potions of attraction
 v - 3 potions of lignification
 x - a potion of magic


   Skills:
 + Level 5.5 Fighting
 - Level 8.0 Axes
 - Level 8.0 Armour
 - Level 2.1 Dodging
 - Level 6.0 Stealth
 - Level 2.0 Evocations


You had 7 spell levels left.
You didn't know any spells.
Your spell library contained the following spells:

 Spells                   Type           Power      Damage    Failure   Level
 Sting                    Tmut/Pois      0%         1d3       98%         1
 Poisonous Vapours        Pois/Air       0%         N/A       99%         2
 Gell's Gravitas          Tloc           0%         N/A       100%        3
 Teleport Other           Tloc           0%         N/A       100%        3
 Olgreb's Toxic Radiance  Pois           0%         N/A       100%        4
 Dispersal                Tloc           0%         N/A       100%        6


Dungeon Overview and Level Annotations

Branches:
Dungeon (6/15)
 Temple: D:4-7

Altars:
Cheibriados
Dithmenos
Gozag
Wu Jian
The Shining One

Annotations:
D:6 4 runed translucent doors


Innate Abilities, Weirdness & Mutations

You are resistant to damage.
You can heal yourself by infusing magical energy.
You passively map a small area around you.
You do not regenerate.


Message History

The centaur wields a +0 shortbow.
The centaur shoots an arrow.
The arrow barely misses you.
You slash the centaur!
The centaur is severely wounded.
The centaur unwields a +0 shortbow.
The centaur hits you but does no damage.
The centaur barely misses you. The centaur hits you.
The centaur kicks you but does no damage.
You hit the centaur.
You kill the centaur!
An orc warrior comes into view. It is wielding a +0 morningstar.
The orc warrior shouts!
Things that are here:
a +0 shortbow; 29 arrows; a centaur corpse You are no longer poisoned.
You slash the orc warrior!
The orc warrior is moderately wounded.
The orc warrior hits you with a +0 morningstar.
You closely miss the orc warrior.
The orc warrior is moderately wounded.
The orc warrior closely misses you.
You closely miss the orc warrior.
The orc warrior is moderately wounded.
The orc warrior hits you with a +0 morningstar!
You closely miss the orc warrior.
The orc warrior is moderately wounded.
The orc warrior hits you with a +0 morningstar!
You barely miss the orc warrior.
The orc warrior is moderately wounded.
The orc warrior hits you with a +0 morningstar!
You barely miss the orc warrior.
The orc warrior is moderately wounded.
The orc warrior hits you with a +0 morningstar!
* * * LOW HITPOINT WARNING * * *
The orc warrior hits you with a +0 morningstar.
* * * LOW HITPOINT WARNING * * *
You hit the orc warrior.
The orc warrior is heavily wounded.
The orc warrior hits you with a +0 morningstar!
You die...

#..##++##.+,* #...........
##.##8..8### * #...........
####..#8....8# * ##....#......
#.....#)....[# *#.....#......
<...#.#)....[# * * *#.....#......
....#.#8....8# ##....#......
#.....##8.l8####### #.#.........
.......##++##.†.#.# #...........
...>..........#.@#, #...........
......#.).....#o## #.........##
......#..###..##..o.##..........#
###...))## #...######.......##.##
#.##...## #...............###.#.
#.###...## ##..............#.....
.........####..........##........
.##...##..##..........####.#.###.
......##..............####.#.##..


You could see an orc warrior.

Vanquished Creatures
  A water moccasin (D:6)
  An ice beast (D:6)
  An orc warrior (D:6)
  An ogre (D:5)
  A centaur (D:6)
  A phantom (D:5)
  A bullfrog (D:6)
  A gnoll sergeant (D:5)
  A wyvern zombie (D:6)
  6 scorpions (D:4)
  A water moccasin zombie (D:6)
  A howler monkey (D:5)
  A jelly (D:6)
  3 orc priests
  A centaur zombie (D:6)
  4 hounds
  A centaur skeleton (D:5)
  An iguana (D:5)
  Ijyb (D:5)
  4 orc wizards
  A hound skeleton (D:5)
  A mummy (D:6)
  Robin (D:3)
  A gnoll (D:1)
  A howler monkey skeleton (D:5)
  9 adders
  2 shadow imps (D:5)
  2 white imps
  A worm (D:4)
  3 dart slugs
  15 orcs
  6 ball pythons
  11 bats
  6 endoplasms
  3 giant cockroaches
  17 goblins
  14 hobgoblins
  11 jackals
  3 quokkas
  5 frilled lizards
  11 kobolds
  3 rats (D:1)
160 creatures vanquished.

Vanquished Creatures (others)
  11 fungi (D:4)
11 creatures vanquished.

Grand Total: 171 creatures vanquished

Notes
Turn   | Place    | Note
-------+----------+-------------------------------------------
     0 | D:5      | Coron the Deep Dwarf Delver began the quest for the Orb.
     0 | D:5      | Reached XP level 1. HP: 20/20 MP: 1/1
     9 | D:5      | Noticed a hound
    17 | D:5      | Killed a hound
    18 | D:5      | Reached skill level 1 in Armour
    18 | D:5      | Reached XP level 2. HP: 23/28 MP: 2/2
    18 | D:5      | Reached XP level 3. HP: 28/34 MP: 3/3
   156 | D:5      | Reached XP level 4. HP: 23/42 MP: 4/4
   192 | D:5      | Noticed an ogre
   264 | D:5      | HP: 1/42 [iguana (9)]
   306 | D:5      | Noticed Ijyb
   308 | D:5      | Reached XP level 5. HP: 29/49 MP: 4/4
   317 | D:5      | Paralysed by Ijyb for 7 turns
   325 | D:5      | Paralysed by Ijyb for 7 turns
   346 | D:5      | Reached skill level 5 in Armour
   347 | D:5      | Killed Ijyb
   429 | D:4      | Found an opulent altar of Gozag.
   473 | D:4      | Reached XP level 6. HP: 53/56 MP: 4/4
   551 | D:3      | Found a shadowy altar of Dithmenos.
   934 | D:3      | Found a glowing golden altar of the Shining One.
   941 | D:3      | Found an ornate altar of the Wu Jian Council.
  1982 | D:2      | Found a faded altar of an unknown god.
  2797 | D:3      | Noticed Robin
  2807 | D:3      | Killed Robin
  3412 | D:4      | Reached skill level 5 in Axes
  3435 | D:4      | Reached XP level 7. HP: 47/62 MP: 5/5
  3749 | D:5      | Reached XP level 8. HP: 63/72 MP: 5/5
  4349 | D:6      | Found a large runed translucent door.
  4349 | D:6      | Found a large runed translucent door.
  4356 | D:6      | Noticed a boulder beetle
  4356 | D:6      | Noticed a komodo dragon
  4370 | D:6      | Found a large runed translucent door.
  4370 | D:6      | Found a large runed translucent door.
  4506 | D:6      | Reached skill level 5 in Fighting
  4568 | D:6      | Found a snail-covered altar of Cheibriados.
  4696 | D:6      | Slain by an orc warrior

Illustrated notes

Levels and vault maps discovered:
D:1:      dpeg_arrival_boxes_within_box, layout_basic
D:2:      layout_basic, hellmonk_ecumenical_altar_blasted
D:3:      kennysheep_goblin_castle, layout_loops_corners, amcnicky_altar_gilded,
          amethyst_overflow_temple_binary
D:4:      old_forge, layout_layer_cave,
          nicolae_gozag_cash_rules_everything_around_me, serial_glass,
          glass_columns_c, glass_columns_a, ebering_dispersal_statue_hall
D:5:      layout_gridville, minmay_between, uniq_ijyb
D:6:      layout_cave_pools, slow_altar_2, minmay_temple_entry_overgrown,
          minmay_liquid_box, palyth_stone_intersect, minmay_misc_feat_roman,
          minmay_hollow_rounded_squares

Skill      XL: |  1  2  3  4  5  6  7  8 |
---------------+-------------------------+-----
Fighting       | 3 4 5 |  5.5
Axes           | 3 4 5 6 8 |  8.0
Armour         | 1 3 4 5 6 7 8 |  8.0
Evocations     | 2 |  2.0
Dodging        | |  2.1
Stealth        | |  6.0

Action                   |  1- 3 |  4- 6 |  7- 9 || total
-------------------------+-------+-------+-------++-------
Melee: Hand axe          |    32 |   179 |       ||   211
       War axe           |       |   129 |   227 ||   356
       Punch             |       |     3 |     1 ||     4
Throw: Dart              |       |     7 |     6 ||    13
       Javelin           |       |     4 |     6 ||    10
 Abil: Heal Wounds       |     1 |     7 |    12 ||    20
Evoke: Wand              |       |     1 |     3 ||     4
  Use: Potion            |       |     1 |     1 ||     2
       Scroll            |       |     8 |       ||     8
 Stab: Sleeping          |     1 |       |       ||     1
Armor: Leather armour    |    13 |    15 |       ||    28
       Chain mail        |       |   222 |   199 ||   421
Dodge: Dodged            |    22 |   188 |   112 ||   322
